 Dungeon Crawl Stone Soup version 0.31-a0-188-g5e087ee2ca (webtiles) character file.

Game seed: 840057197438565976

186 qw the Skirmisher (level 5, -2/29 HPs)
             Began as a Deep Elf Hunter on June 23, 2023.
             Slain by an orc
             ... wielding a +0 hand axe
              (5 damage)
             ... on level 4 of the Dungeon.
             The game lasted 00:00:54 (2137 turns).

qw the Skirmisher (Deep Elf Hunter)                 Turns: 2137, Time: 00:00:54

Health: -2/29      AC:  7    Str: 10    XL:     5   Next: 38%
Magic:  7/7        EV: 11    Int: 14    God:
Gold:   131        SH:  0    Dex: 18    Spells: 4/4 levels left

rFire   . . .        Y - +0 shortbow
rCold   . . .        (shield currently unavailable)
rNeg    . . .        k - +1 ring mail
rPois   .            a - +0 helmet
rElec   .            (no cloak)
rCorr   .            (no gloves)
SInv    .            (no boots)
Will    .....        (no amulet) Stlth
                     (no ring)
HPRegen 0.24/turn    (no ring)
MPRegen 0.10/turn

%: no passive effects
@: confused
A: no striking features
a: no special abilities


You were on level 4 of the Dungeon.
You visited 1 branch of the dungeon, and saw 4 of its levels.

You collected 131 gold pieces.


   Skills:
 - Level 1.5 Fighting
 + Level 8.9 Ranged Weapons
 - Level 2.4 Dodging
 - Level 1.2 Stealth


You had 4 spell levels left.
You didn't know any spells.
Your spell library was empty.

Inventory:

Hand Weapons
 Y - a +0 shortbow (weapon)
Armour
 a - a +0 helmet (worn)
 c - a +0 pair of boots
 k - a +1 ring mail (worn)
Scrolls
 h - a scroll of identify
Potions
 b - a potion of might
 d - a potion of enlightenment {unknown}
 e - a potion of lignification {unknown}
 f - a potion of haste {unknown}
 g - a potion of mutation {unknown}
 i - a potion of attraction {unknown}
 j - a potion of degeneration {unknown}
 m - a potion of cancellation {unknown}

Dungeon Overview and Level Annotations

Branches:
Dungeon (4/15)
 Temple: D:4-7

Altars:
Xom

Shops:
D:1 !


Message History

You shoot an arrow. The orc shouts!
The arrow hits the orc wizard but does no damage.
The orc wizard points at you and mumbles some strange words.
The puff of flame hits you.
You shoot an arrow.
The arrow closely misses the orc wizard.
The orc wizard gestures at you while chanting.
You resist with some effort.
You shoot an arrow. The arrow hits the orc wizard.
The orc wizard is moderately wounded.
The orc barely misses you.
You shoot an arrow. The arrow hits the orc wizard.
The orc wizard is severely wounded.
The orc wizard barely misses you.
The orc wizard hits you with a +0 dagger.
The orc barely misses you.
You shoot an arrow.
The arrow completely misses the orc wizard.
The orc wizard hits you but does no damage.
The orc hits you with a +0 morningstar.
The orc wizard gestures wildly while chanting.
The orc wizard flickers and vanishes!
Deactivating autopickup; reactivate with Ctrl-A.
You shoot an arrow. The arrow barely misses the orc wizard.
The orc wizard completely misses you. The orc barely misses you.
Something hits you but does no damage.
You shoot an arrow. The arrow hits the orc wizard!
You kill the orc wizard!
Something hits you but does no damage. The orc barely misses you.
You shoot an arrow. The arrow hits the orc!
You kill the orc!
You hear some strange, mumbled words.
You are confused.
The orc closely misses you. Something hits you but does no damage.
The orc hits you with a +0 hand axe. Something hits you.
The orc hits you with a +0 hand axe. Something hits you.
The orc closely misses you. Something hits you.
The orc hits you with a +0 hand axe.
You die...

...##.......
.#...............|..
.....?..
.>.##.......
<.......
....#....... #
...... #......%.. #.
....# ##........ ..
#..## ###..####
#.#)..# ######...#
#.#.{@..###......#.#
#.).o#......######.#
#..##.....#### #.#
... #..#.#.# #.. #
.....#.#.# ###
.#.##.#.#.. #.
#.#.##.. # #.#.# #.#
#.# ..


You could see an orc.

Vanquished Creatures
  An ogre (D:4)
  An orc wizard (D:4)
  2 adders (D:2)
  A dart slug (D:2)
  3 orcs
  4 endoplasms
  6 giant cockroaches
  6 goblins
  3 hobgoblins
  A quokka (D:3)
  7 ball pythons
  5 bats
  5 frilled lizards
  6 kobolds
  3 rats
54 creatures vanquished.

Notes
Turn   | Place    | Note
-------+----------+-------------------------------------------
     0 | D:1      | qw the Deep Elf Hunter began the quest for the Orb.
     0 | D:1      | Reached XP level 1. HP: 12/12 MP: 3/3
     0 | D:1      | 0 ||| qw: Version: 0.3-a-9-g12657ce
     0 | D:1      | 0 ||| qw: Game counter: 3542
     0 | D:1      | 0 ||| qw: Always use a shield: true
     0 | D:1      | 0 ||| qw: God list: Okawaru
     0 | D:1      | 0 ||| qw: Allow faded altars: false
     0 | D:1      | 0 ||| qw: Do Orc after D:15 true
     0 | D:1      | 0 ||| qw: Do second Lair branch before Depths: true
     0 | D:1      | 0 ||| qw: Lair rune preference: random
     0 | D:1      | 0 ||| qw: Plans: Normal
     0 | D:1      | 0 ||| PLANNING D:1-11
    83 | D:1      | Found Deoggefo's Distillery.
   127 | D:1      | 127 ||| SHOPLISTING potion of curing (33 gold, have 17).
   127 | D:1      | 127 ||| SHOPLISTING potion of enlightenment (55 gold, have
                  | 17).
   127 | D:1      | 127 ||| SHOPLISTING potion of haste (110 gold, have 17).
   127 | D:1      | 127 ||| SHOPLISTING potion of heal wounds (55 gold, have
                  | 17).
   127 | D:1      | 127 ||| SHOPLISTING potion of mutation (88 gold, have 17).
   360 | D:1      | Reached XP level 2. HP: 16/16 MP: 4/4
   390 | D:1      | Reached skill level 6 in Ranged Weapons
   576 | D:1      | 576 ||| READING scroll labelled ZERCHO UBEGI.
   577 | D:1      | 577 ||| DROPPING scroll of butterflies.
   579 | D:1      | 579 ||| Stepping ~*~*~tactically~*~*~ (cloud).
   584 | D:1      | HP: 4/16 [poisoned by you (poison gas)]
   704 | D:2      | Found a shimmering altar of Xom.
   779 | D:2      | Reached XP level 3. HP: 20/20 MP: 5/5
   925 | D:2      | 925 ||| FLEEEEING.
   926 | D:2      | 926 ||| FLEEEEING.
   927 | D:2      | 927 ||| FLEEEEING.
   928 | D:2      | 928 ||| FLEEEEING.
   940 | D:2      | 940 ||| FLEEEEING.
   942 | D:2      | 942 ||| FLEEEEING.
   943 | D:2      | 943 ||| FLEEEEING.
   944 | D:2      | 944 ||| STAIRDANCE
   986 | D:1      | 986 ||| READING scroll labelled TYFOFO YMAOB.
   987 | D:1      | 987 ||| READING scroll labelled TETAUBE FOIRGH.
   988 | D:1      | 988 ||| DRINKING 2 ruby potions.
   991 | D:1      | 991 ||| DROPPING potion of ambrosia.
   994 | D:2      | 994 ||| STAIRDANCE
  1017 | D:2      | 1017 ||| STAIRDANCE
  1033 | D:2      | 1033 ||| STAIRDANCE
  1054 | D:2      | 1054 ||| STAIRDANCE
  1097 | D:2      | 1097 ||| STAIRDANCE
  1217 | D:2      | Reached skill level 7 in Ranged Weapons
  1463 | D:2      | 1463 ||| UPGRADING to +0 ring mail.
  1473 | D:2      | 1473 ||| DROPPING +0 leather armour.
  1474 | D:2      | 1474 ||| READING scroll labelled REDYXZ DA TAM.
  1475 | D:2      | 1475 ||| READING scroll labelled COITWAT BOJOZI.
  1621 | D:3      | Found a shimmering altar of Xom.
  1763 | D:3      | 1763 ||| READING scroll of enchant armour.
  1763 | D:3      | 1763 ||| ENCHANTING +0 ring mail.
  1871 | D:3      | Reached XP level 4. HP: 25/25 MP: 6/6
  2058 | D:3      | 2058 ||| UPGRADING to +0 helmet.
  2063 | D:3      | 2063 ||| DROPPING ring of flight.
  2064 | D:3      | 2064 ||| READING scroll labelled DIPIEN GUOGG.
  2069 | D:3      | 2069 ||| READING 3 scrolls labelled ACSELI LIQIUSU.
  2070 | D:3      | 2070 ||| READING 2 scrolls of identify.
  2070 | D:3      | 2070 ||| IDENTIFYING murky inky potion
  2087 | D:4      | Noticed an ogre
  2092 | D:4      | Killed an ogre
  2093 | D:4      | Reached skill level 8 in Ranged Weapons
  2093 | D:4      | Reached XP level 5. HP: 29/29 MP: 7/7
  2122 | D:4      | Identified the +3 pair of gloves of Integrity {Contam rC+
                  | Will++ Int+3}
  2123 | D:4      | 2123 ||| Stepping ~*~*~tactically~*~*~ (outnumbered).
  2135 | D:4      | HP: 7/29 [something (1)]
  2136 | D:4      | HP: 3/29 [something (4)]
  2137 | D:4      | Slain by an orc

Levels and vault maps discovered:
D:1:      giann_forest_graveyard, layout_basic, serial_shops,
          nicolae_shop_tiny_glass, minmay_misc_feat_more_columns
D:2:      layout_loops_ring, basic_altar
D:3:      layout_basic, xom_teletrap_fun, hex_intersection
D:4:      layout_rooms, mainiacjoe_overflow_tiny_flanked,
          nzn_wu_jian_contemplation

Skill      XL: |  1  2  3  4 |
---------------+-------------+-----
Ranged Weapons | 6 7 8 |  8.9
Fighting       | |  1.5
Dodging        | |  2.4
Stealth        | |  1.2

Action                     |  1- 3 |  4- 6 || total
---------------------------+-------+-------++-------
   Fire: Shortbow          |   111 |    21 ||   132
    Use: Scroll            |     6 |     3 ||     9
         Potion            |     1 |       ||     1
 Armour: Leather armour    |     5 |       ||     5
         Ring mail         |       |     5 ||     5
  Dodge: Dodged            |    21 |     9 ||    30

Table legend:
 A = Non-vault XP
 B = Vault XP
 C = Vault XP percentage of total XP
 D = Non-vault monster count
 E = Vault monster count
 F = Vault count percentage of total count
                 A         B        C        D         E       F
            +---------+---------+-------+---------+---------+-------
      Total |     266 |       0 |   0.0 |      54 |       0 |   0.0
            +---------+---------+-------+---------+---------+-------
        D:1 |      16 |       0 |   0.0 |      12 |       0 |   0.0
        D:2 |      61 |       0 |   0.0 |      21 |       0 |   0.0
        D:3 |      26 |       0 |   0.0 |      15 |       0 |   0.0
        D:4 |     163 |       0 |   0.0 |       6 |       0 |   0.0
            +---------+---------+-------+---------+---------+-------
